 Dungeon Crawl Stone Soup version 0.29.1-15-g9cfb28693d (webtiles) character file.

Game seed: 13898716398590180942

40 dudediamond6 the Chopper (level 3, -1/31 HPs)
             Began as a Hill Orc Fighter on Feb 27, 2023.
             Killed from afar by a white imp (11 damage)
             ... with a puff of frost
             ... summoned by Natasha
             ... on level 2 of the Dungeon.
             The game lasted 00:01:46 (768 turns).

dudediamond6 the Chopper (Hill Orc Fighter)          Turns: 768, Time: 00:01:48

Health: -1/31      AC: 11    Str: 20    XL:     3   Next: 50%
Magic:  3/3        EV:  5    Int:  8    God:
Gold:   21         SH:  4    Dex: 10    Spells: 2/2 levels left

rFire   . . .      SeeInvis .   a - +0 war axe
rCold   . . .      Faith    .   c - +0 buckler
rNeg    . . .      Spirit   .   f - +0 plate armour
rPois   .          Reflect  .   (no helmet)
rElec   .          Harm     .   (no cloak)
rCorr   .          Rampage  .   (no gloves)
Will    .....                   (no boots)
Stlth   ..........              l - amulet of regeneration
HPRegen 0.90/turn               (no ring)
MPRegen 0.08/turn               (no ring)

@: no status effects
A: no striking features
a: no special abilities


You were on level 2 of the Dungeon.
You visited 1 branch of the dungeon, and saw 2 of its levels.

You collected 21 gold pieces.

Inventory:

Hand Weapons
 a - a +0 war axe (weapon)
Armour
 b - a +0 scale mail
 c - a +0 buckler (worn)
 f - a +0 plate armour (worn)
Jewellery
 l - an amulet of regeneration (around neck)
Scrolls
 e - 2 scrolls of summoning {unknown}
 g - a scroll of teleportation {unknown}
 h - a scroll of identify {unknown}
 n - a scroll of poison {unknown}
Potions
 d - a potion of might
 i - 2 potions of berserk rage {unknown}
 j - a potion of attraction {unknown}
 k - a potion of curing {unknown}
 m - a potion of cancellation {unknown}
 o - a potion of ambrosia {unknown}


   Skills:
 - Level 3.6 Fighting
 * Level 5.1 Axes
 - Level 3.2 Armour
 - Level 3.2 Shields


You had 2 spell levels left.
You didn't know any spells.
Your spell library was empty.

Dungeon Overview and Level Annotations

Branches:
Dungeon (2/15)

Altars:

Annotations:
D:2 Natasha


Message History

You feel stronger. x2
HP restored.
o - a murky emerald potion You open the door.
There is an open door here.
Natasha, Servant of Life and Death comes into view.
Found 12 gold pieces.
Natasha hisses angrily.
Natasha drinks a potion.
Natasha seems to speed up.
Natasha is nearby!
Natasha casts a spell.
You closely miss Natasha. You closely miss the white imp.
Natasha barely misses you. Natasha claws you. The white imp gestures at you.
The puff of frost hits you!
You are too injured to fight recklessly!
You are too injured to fight recklessly!
You are too injured to fight recklessly!
You hit Natasha.
Natasha is lightly wounded.
You closely miss the white imp. You block Natasha's attack.
The white imp gestures at you. The puff of frost misses you.
Natasha mumbles some strange words.
Natasha's front paws start to glow.
Natasha mumbles some strange words.
You hit Natasha.
Natasha is heavily wounded.
You closely miss the crimson imp. You hit the white imp but do no damage.
Natasha claws you! The white imp completely misses you. Natasha claws you.
* * * LOW HITPOINT WARNING * * *
The crimson imp hits you but does no damage.
You miss Natasha.
Natasha is heavily wounded.
You closely miss the white imp.
You hit the crimson imp but do no damage.
Natasha claws you but does no damage. The white imp gestures at you.
The puff of frost hits you!
You die...

............)#.#
.............#.#
..#.....######.#
##.........#.#
#..........#.####
#..........#....#
#............#
+.......#'#5.##.#
#.......#.#@5...#
#.........##h####
#.........# .#
#.........# .#
.........# .#
......# .#
#......# .# .#


You could see Natasha (fast), a crimson imp (summoned) and a white imp
(summoned).

Vanquished Creatures
  Jessica (D:2)
  A giant cockroach (D:1)
  2 hobgoblins (D:1)
  2 jackals (D:1)
  2 quokkas (D:1)
  4 bats (D:1)
  3 rats (D:1)
15 creatures vanquished.

Vanquished Creatures (others)
  A kraken (D:1)
  4 minotaurs (D:1)
  2 gargoyles (D:1)
  A troll (D:1)
  A vampire (D:1)
  A naga (D:1)
  A tengu (D:1)
  An ogre (D:1)
  7 tentacles (D:1)
19 creatures vanquished.

Grand Total: 34 creatures vanquished

Notes
Turn   | Place    | Note
-------+----------+-------------------------------------------
     0 | D:1      | dudediamond6 the Hill Orc Fighter began the quest for the
                  | Orb.
     0 | D:1      | Reached XP level 1. HP: 19/19 MP: 1/1
     0 | D:1      | Noticed a troll
     0 | D:1      | Noticed a gargoyle
     0 | D:1      | Noticed a vampire
     0 | D:1      | Noticed a tengu
     0 | D:1      | Noticed a ghoul
     0 | D:1      | Noticed an ogre
     0 | D:1      | Noticed a kraken
     0 | D:1      | Noticed a minotaur
     0 | D:1      | Noticed a naga
     0 | D:1      | Noticed a minotaur
     0 | D:1      | Noticed a gargoyle
     0 | D:1      | Noticed a minotaur
     0 | D:1      | Noticed a minotaur
     4 | D:1      | Killed an ogre
     5 | D:1      | Killed a minotaur
     7 | D:1      | Killed a minotaur
     8 | D:1      | Killed a naga
     9 | D:1      | Killed a gargoyle
     9 | D:1      | Killed a tengu
    10 | D:1      | Killed a troll
    11 | D:1      | Killed a gargoyle
    12 | D:1      | Killed a vampire
    15 | D:1      | Killed a minotaur
    18 | D:1      | Killed a minotaur
    18 | D:1      | Killed a kraken
    68 | D:1      | Reached skill level 3 in Axes
   263 | D:1      | Reached XP level 2. HP: 20/26 MP: 2/2
   367 | D:1      | Reached skill level 4 in Axes
   726 | D:2      | Noticed Jessica
   743 | D:2      | Killed Jessica
   744 | D:2      | Reached skill level 5 in Axes
   744 | D:2      | Reached XP level 3. HP: 26/31 MP: 3/3
   762 | D:2      | Noticed Natasha
   768 | D:2      | Killed from afar by a white imp

Illustrated notes

Levels and vault maps discovered:
D:1:      nicolae_arrival_kraken_aquarium_a, layout_rooms, serial_bayou_ford_a,
          skrybe_limestone_x, serial_bayou_lagoon_b
D:2:      layout_basic, serial_shops, nicolae_shop_behind_doors, serial_curves,
          eino_curves_02, eino_curves_02, ebering_ecumenical_altar_abandoned,
          minmay_tromino_v2, uniq_jessica, uniq_natasha

Skill      XL: |  1  2 |
---------------+-------+-----
Axes           | 3 5 |  5.1
Fighting       | |  3.6
Armour         | |  3.2
Shields        | |  3.2

Action                   || total
-------------------------++-------
Melee: War axe           ||    40
Armor: Plate armour      ||    26
       Scale mail        ||     2
Dodge: Dodged            ||    15
Block: Buckler           ||     8
